← All builds
Tech / Armada / Economy first / OBSERVED BUILD

Fast fusion

Armada Tech (Eco) build order · Supreme Isthmus

Standard T2 rush economy build that adds an earlier Fusion Reactor around 8:52 to scale power sooner, with units fighting only on the team's own side afterward.

Usually first T2 con to Geo (82%)

#eco #t2 · 180 distinct matches · 63 players · 6% of Armada Tech games · team won 59% of 186 · Recently observed

THE CATCH, AND WHAT COMES WITH IT
  • Fusion ReactorFusion Reactor from 8:52 · 12% of role by thenOnly 12% of Tech games have it by then; others who build it get it around 11:21

Then transitions into anti-nuke (30% of army).

HOW TO PLAY IT

Key timing: Fusion Reactor by 10:00

  1. Run the standard T2 rush opening with Bot Lab then Advanced Bot Lab.
  2. Get the Advanced Bot Lab up on the usual fast timing.
  3. Upgrade to Advanced Metal Extractor on the normal schedule.
  4. Transition into the typical Citadel anti-nuke and Armageddon nuke silo army.
  5. Push an early Fusion Reactor, well ahead of the role's usual 12:03.

Phase by phase

TYPICAL OF ITS 180 GAMES · AGAINST STANDARD TECH
  1. 1
  2. 2
  3. 3
  4. 4
  5. 5
PLAY THE OPENING

Follow the example game's first 9:52 step by step: what to build now, what comes next, and where it goes. At 1× it keeps pace with your own game.

  1. 1

    Up to the Bot Lab

    Economy
    • Metal Extractor3Mex
    • Wind Turbine4Wind
    Order
    1. Bot LabBot Lab after 3 mex, 4 winddone ~1:16, middle half 1:09–1:30

    By 0:59 in all: 3 mex · 4 wind

    The example game in this phase · 3 steps
    1. Mex ×3
    2. Wind ×2
    3. Bot LabBot Labdone 1:02 · typical 1:16
  2. 2

    Bot Lab to Advanced Bot Lab

    Economy
    • Metal Extractor1Mex
    • Wind Turbine9Wind
    • Energy Storage1Energy storage
    Order
    1. Advanced Bot LabAdvanced Bot Lab after 4 mex, 12 wind, 3 con turretdone ~4:15, middle half 4:03–4:28
    Builders
    • Construction Turret3 Con turret
    • Lazarus4 Lazarus
    • Construction Bot2 Con bot
    • Construction Bot1 Con bot for allies

    Some games also: converter (46%)

    By 3:13 in all: 4 mex · 12 wind · 1 energy storage · 3 con turret

    The example game in this phase · 22 steps
    1. LazarusLazarus
    2. Wind
    3. Construction BotCon bot
    4. Wind
    5. LazarusLazarus
    6. Wind
    7. Energy storage
    8. Construction BotCon botfor Air
    9. Mex
    10. Wind
    11. LazarusLazarus
    12. Wind
    13. LazarusLazarus
    14. Wind ×2
    15. Construction BotCon bot
    16. Con turret ×2
    17. LazarusLazarus
    18. Wind ×2
    19. LazarusLazarus
    20. Wind ×3
    21. Converter
    22. Advanced Bot LabAdvanced Bot Labdone 4:53 · typical 4:15
  3. 3

    Advanced Bot Lab to 5:00

    Economy
    • Wind Turbine3Wind
    Order
    1. Bot LabEat Bot Lab
    Builders
    • Advanced Construction Bot1 T2 con bot for allies

    Some games also: converter (48%)

    By 5:00 in all: 4 mex · 17 wind · 2 converter · 1 energy storage · 3 con turret

    The example game in this phase · 5 steps
    1. Converter
    2. Energy storage
    3. Bot LabEat Bot Labreclaimed for its metal
    4. Wind ×4
    5. Advanced Construction BotT2 con botfor Geo
  4. 4

    5:00 to Fusion Reactor

    Economy
    • Wind Turbine26Wind
    • Energy Converter3Converter+2 vs standard
    Order
    1. Fusion ReactorFusion Reactor after 4 mex, 43 wind, 7 converterdone ~10:12, middle half 9:51–10:42
    Builders
    • Butler8 Butler +3 vs standard
    • Advanced Construction Bot3 T2 con bot for allies
    • Advanced Construction Bot1 T2 con bot

    Some games also: con turret (49%)

    By 8:52 in all: 4 mex · 43 wind · 7 converter (standard 4) · 1 energy storage · 3 con turret

    The example game in this phase · 22 steps
    1. Advanced Metal ExtractorT2 mexdone 5:38 · typical 5:19
    2. Advanced Construction BotT2 con botfor Air
    3. Advanced Metal ExtractorT2 mex ×2
    4. Advanced Construction BotT2 con botfor Pond
    5. ButlerButler ×3
    6. Advanced Metal ExtractorT2 mex
    7. ButlerButler
    8. Advanced Construction BotT2 con bot ×2for Geo sea
    9. ButlerButler ×3
    10. Wind
    11. Advanced Construction BotT2 con bot
    12. Wind ×8
    13. HoundHoundfor Suicide front
    14. Con turret
    15. Wind ×4
    16. HoundHoundfor Suicide front
    17. Wind ×3
    18. HoundHoundfor Suicide front
    19. Wind ×2
    20. Con turret
    21. HoundHoundfor Suicide front
    22. Fusion ReactorFusionnot finished by 15:00 · typical 10:12
  5. 5

    Fusion Reactor to 15:00

    Economy
    • Wind Turbine88Wind−62 vs standard
    • Energy Converter48Converter
    Order
    1. Advanced Bot LabEat Advanced Bot Lab
    2. Fusion ReactorFusion after 86 wind, 18 converter, 7 con turretin 63% of games
    Builders
    • Construction Turret10 Con turret +3 vs standard

    Some games also: anti-nuke (48%) · Advanced Fusion Reactor (38%) · Aircraft Plant (37%) · metal storage (35%) · Butler (33%)

    The standard build makes here, this one skips: 6 Butler

    By 15:00 in all: 4 mex · 134 wind (standard 187) · 2 fusion · 55 converter · 1 energy storage · 1 metal storage

    The example game in this phase · 27 steps
    1. Wind ×3
    2. HoundHoundfor Suicide front
    3. Wind ×2
    4. SprinterSprinter
    5. ButlerButler
    6. Wind ×2
    7. ButlerButler
    8. Wind ×3
    9. ButlerButler
    10. Wind ×2
    11. ButlerButler
    12. Wind ×3
    13. Converter
    14. ButlerButler
    15. Converter
    16. ButlerButler
    17. Wind ×2
    18. Converter
    19. ButlerButler
    20. Wind ×2
    21. Converter
    22. ButlerButler
    23. Wind ×2
    24. Converter
    25. Advanced Construction BotT2 con bot
    26. Wind
    27. Converter ×2

Counts are medians over the build's games: half of them build more, half fewer. The example game is SK0NK's (30 OS, 02/10/2026); pick another.

Team trades

IN AT LEAST 30% OF ITS GAMES

You hand over

  • Construction Bot1 Con bot to Airfirst at 2:22 · in 84% of games
  • Advanced Construction Bot5 T2 con bot to Air or Pond or Beach seafirst at 4:47 · in 100% of games

You get

  • Hercules1 Light transport from Airfirst at 3:55 · in 85% of games

How it plays out

Typical game of this build against the role’s standard build, running totals by minute

  • This build
  • Standard tech

Metal produced

020k40k
0:005:0010:0015:00

metal

Enemy metal destroyed

050100
0:005:0010:0015:00

metal

Own metal lost

050100150
0:005:0010:0015:00

metal

186 games.

Show as table
ByMetal produced: This buildMetal produced: Standard techEnemy metal destroyed: This buildEnemy metal destroyed: Standard techOwn metal lost: This buildOwn metal lost: Standard tech
1:003843830000
2:009179150000
3:00168816520000
4:00320831440000
5:00487948480000
6:00596258020000
7:00767472270000
8:00975890630000
9:0012179111770000
10:0015809135090000
11:0019815162470000
12:0023340196730000
13:0027140234540000
14:00309572736200073
15:00359063155508575130
WHAT THE NUMBERS SAY

Won more often than the standard build and pulled well ahead on metal production with almost no combat losses either way.

  • + Metal production at 15:00 reaches 36430 vs 31668 standard.
  • + Won more often than the standard build (60% vs 53%).
  • − Enemy metal destroyed by 15:00 is lower than standard (39 vs 266).
  • − Fusion push is purely economic, offering no early combat payoff.
THE EXAMPLE YOU ARE READING

SK0NK

30.4 OS · 02/10/2026

Open source match ↗

1 received units
1881 metal received · 41513 energy received

Allied construction assistance is unknown. Timings are observations, not a promise of solo reproducibility.

Typical milestones

Bot Lab1:16Middle 50%: 1:09–1:30 · n=186
Advanced Bot Lab4:15Middle 50%: 4:03–4:28 · n=186
Advanced Metal Extractor5:19Middle 50%: 5:00–5:40 · n=186
Fusion Reactor10:12Middle 50%: 9:51–10:42 · n=173

Played most by

Teaner30games of this buildSyphos12games of this buildKOT_11games of this build[Grump]Grumpiness9games of this buildhaaven8games of this build